 Dungeon Crawl Stone Soup version 0.27.1-3-gb3d3a73c9e (webtiles) character file.

Game seed: 1478574911142095908

22 DearestLeader the Fighter (level 2, -1/40 HPs)
             Began as a Gnoll Wanderer on Oct 13, 2021.
             Slain by an adder (2 damage)
             ... on level 2 of the Dungeon.
             The game lasted 00:01:46 (592 turns).

DearestLeader the Fighter (Gnoll Wanderer)           Turns: 592, Time: 00:01:46

Health: -1/40      AC:  3    Str:  7 (9)  XL:     2   Next: 91%
Magic:  2/2        EV:  8    Int:  9 (12) God:
Gold:   13         SH:  8    Dex:  9 (12) Spells: 2/2 levels left

rFire    . . .     SeeInvis .   a - +0 short sword
rCold    . . .     Faith    .   b - +0 kite shield
rNeg     . . .     Spirit   .   e - +0 leather armour
rPois    .         Reflect  .   (no helmet)
rElec    .         Harm     .   (no cloak)
rCorr    .         Rampage  .   (no gloves)
Will     .....                  (no boots)
Stlth    +.........             (no amulet)
HPRegen  0.13/turn              (no ring)
MPRegen  0.08/turn              (no ring)

@: lethally poisoned (-1 -> -4)
A: fangs 1, strong nose, distributed training
a: no special abilities


You were on level 2 of the Dungeon.
You visited 1 branch of the dungeon, and saw 2 of its levels.

You collected 13 gold pieces.

Inventory:

Hand Weapons
 a - a +0 short sword (weapon)
Armour
 b - a +0 kite shield (worn)
 d - a +0 robe
 e - a +0 leather armour (worn)
 i - a +0 pair of gloves
Magical Staves
 f - a staff of cold
Scrolls
 h - a scroll of enchant weapon {unknown}
Potions
 c - a potion of lignification
 j - a potion of ambrosia {unknown}


   Skills:
 + Level 13.6 Fighting
 + Level 2.5 Short Blades
 + Level 0.5 Long Blades
 + Level 0.5 Axes
 + Level 0.5 Maces & Flails
 + Level 0.5 Polearms
 + Level 0.5 Staves
 + Level 0.5 Slings
 + Level 0.5 Bows
 + Level 0.5 Crossbows
 + Level 0.5 Throwing
 + Level 0.5 Armour
 + Level 0.5 Dodging
 + Level 0.5 Stealth
 + Level 4.5 Shields
 + Level 0.5 Unarmed Combat
 + Level 0.5 Spellcasting
 + Level 0.4 Conjurations
 + Level 0.4 Hexes
 + Level 0.4 Summonings
 + Level 0.4 Necromancy
 + Level 0.4 Translocations
 + Level 0.4 Transmutations
 + Level 0.4 Fire Magic
 + Level 0.4 Ice Magic
 + Level 0.4 Air Magic
 + Level 0.4 Earth Magic
 + Level 0.4 Poison Magic
 + Level 0.7 Invocations
 + Level 0.5 Evocations


You had 2 spell levels left.
You didn't know any spells.
Your spell library was empty.

Dungeon Overview and Level Annotations

Branches:
Dungeon (1/15)

Altars:


Innate Abilities, Weirdness & Mutations

You have very sharp teeth.
Your uncanny sense of smell can sniff out nearby items.
Your experience applies equally to all skills.


Message History

The adder is lightly wounded.
The adder bites you. The worm bites you.
* * * LOW HITPOINT WARNING * * *
You hit the adder.
The adder is heavily wounded.
You block the adder's attack. The adder bites you but does no damage.
The worm bites you.
* * * LOW HITPOINT WARNING * * *
You completely miss the adder.
The adder is heavily wounded.
You block the adder's attack.
You barely miss the adder.
The adder is heavily wounded.
The adder bites you but does no damage. The adder bites you.
* * * LOW HITPOINT WARNING * * *
You block the worm's attack.
You barely miss the adder.
The adder is moderately wounded.
The adder closely misses you. The worm barely misses you.
You block the adder's attack.
Your shield prevents you from hitting the adder.
The adder is moderately wounded.
You block the adder's attack.
You hit the adder.
The adder is almost dead.
The adder completely misses you. The worm completely misses you.
The adder bites you but does no damage.
You miss the adder.
The adder is almost dead.
The adder bites you.
* * * LOW HITPOINT WARNING * * *
You are poisoned.
The adder poisons you! The worm bites you.
* * * LOW HITPOINT WARNING * * *
It was a potion of degeneration.
There was something very wrong with that liquid.
You feel weakened.
You feel dopey.
You feel clumsy.
* * * LOW HITPOINT WARNING * * *
You feel sick. The adder barely misses you. The adder bites you.
You die...

#.. #.# #.# #.#
#.# #.# #S# #@#
#w# #w# #w#
#.#########
#######.##......#
................#
#######.........#
.###.........####


You could see 3 worms and an adder.

Vanquished Creatures
  2 giant cockroaches (D:2)
  3 goblins
  A hobgoblin (D:2)
  3 kobolds
  3 quokkas
  2 ball pythons
  A bat (D:2)
  A frilled lizard (D:1)
  4 rats
  A spectral goblin (D:1)
21 creatures vanquished.

Notes
Turn   | Place    | Note
-------+----------+-------------------------------------------
     0 | D:1      | Reached skill level 13 in Fighting
     0 | D:1      | DearestLeader the Gnoll Wanderer began the quest for the
                  | Orb.
     0 | D:1      | DearestLeader set off with the following items: a +0 short
                  | sword, a +0 kite shield, a potion of lignification, a +0
                  | robe
     0 | D:1      | Reached XP level 1. HP: 33/33 MP: 1/1
   235 | D:1      | Reached XP level 2. HP: 34/40 MP: 2/2
   402 | D:1      | Found a faded altar of an unknown god.
   444 | D:1      | You fall into a shaft and drop 1 floor!
   591 | D:2      | HP: 1/40 [worm (4)]
   592 | D:2      | Slain by an adder

Illustrated notes

Levels and vault maps discovered:
D:1:      dpeg_arrival_ternary, layout_basic,
          dreamdust_ecumenical_altar_drowned_temple, kennysheep_nondescript,
          minmay_tripent
D:2:      minmay_diamond_boxcup, layout_basic

Skill      XL: | |
---------------+-+-----
Fighting       | | 13.6
Short Blades   | |  2.5
Long Blades    | |  0.5
Axes           | |  0.5
Maces & Flails | |  0.5
Polearms       | |  0.5
Staves         | |  0.5
Slings         | |  0.5
Bows           | |  0.5
Crossbows      | |  0.5
Throwing       | |  0.5
Armour         | |  0.5
Dodging        | |  0.5
Stealth        | |  0.5
Shields        | |  4.5
Unarmed Combat | |  0.5
Spellcasting   | |  0.5
Conjurations   | |  0.4
Hexes          | |  0.4
Summonings     | |  0.4
Necromancy     | |  0.4
Translocations | |  0.4
Transmutations | |  0.4
Fire Magic     | |  0.4
Ice Magic      | |  0.4
Air Magic      | |  0.4
Earth Magic    | |  0.4
Poison Magic   | |  0.4
Invocations    | |  0.7
Evocations     | |  0.5

Action                   || total
-------------------------++-------
Melee: Short sword       ||    97
       Bite              ||     8
  Use: Potion            ||     1
 Stab: Sleeping          ||     1
Armor: Leather armour    ||    30
       Robe              ||     2
Dodge: Dodged            ||    38
Block: Kite shield       ||    54
